[Event "39th OBSenEM 2023"]
[Site "Berlin"]
[Date "2023.01.30"]
[Round "7.3"]
[White "Niehaus, Frank"]
[Black "Brustkern, Juergen"]
[Result "1/2-1/2"]
[ECO "B32"]
[WhiteElo "2089"]
[BlackElo "2182"]
[Annotator "TA"]
[PlyCount "52"]
[EventDate "2023.01.24"]
[EventType "swiss"]
[EventCountry "GER"]
[SourceTitle "playchess.com"]
[Source "ChessBase"]
[SourceQuality "1"]
[TimeControl "40/5400+30:1800+30"]

1. e4 c5 2. Nf3 Nc6 3. d4 cxd4 4. Nxd4 e5 5. Nb5 d6 6. N1c3 a6 7. Na3 Be6 8. Nc4 Be7 {[%emt 0:01:49] 8...Rb8 gains popularity. B32: Sicilian: Löwenthal and Kalashnikov Variations.} 9. Ne3 Nf6 10. g3 h5 11. Bg2 h4 12. O-O {[%emt 0:01:29] [#]} h3 $146 ({Predecessor:} 12... hxg3 13. hxg3 Nd4 14. Ne2 Nc6 15. Nd5 Rc8 16. Be3 Bxd5 17. exd5 Nb8 18. Rc1 Ng4 {0-1 Ostrovskiy,A (2295)-Bierkens,P (2137) Philadelphia op 2011 (7)}) 13. Bh1 g6 14. Ncd5 Rc8 15. c3 O-O 16. f4 exf4 17. gxf4 Bxd5 18. exd5 Nb8 19. Bf3 Qb6 20. Kh1 Rfe8 (20... Nbd7 $16 21. Bg4 Rce8) 21. Qd3 $2 {[%emt 0:00:30] [#]} (21. f5 $18 {Threatens to win with fxg6.} g5 22. Rg1) 21... Nbd7 $14 22. b4 (22. Ng4 {is more complex.} Qc5 23. f5 Nxg4 24. fxg6 Nf2+ 25. Rxf2 Qxf2 26. gxf7+ Kg7 27. fxe8=N+ Rxe8 28. Qe3) 22... Bf8 23. Bd2 Bg7 24. Rfe1 Re7 25. Nc2 Rce8 26. Rxe7 Rxe7 {Weighted Error Value: White=0.19 (very precise) /Black=0.16 (very precise)} 1/2-1/2

[Event "39th OBSenEM 2023"]
[Site "Berlin"]
[Date "2023.01.30"]
[Round "7.4"]
[White "Wolf, Christian"]
[Black "Daverkausen, Bernd"]
[Result "0-1"]
[ECO "B22"]
[WhiteElo "2174"]
[BlackElo "2120"]
[Annotator "TA"]
[PlyCount "122"]
[EventDate "2023.01.24"]
[EventType "swiss"]
[EventCountry "GER"]
[SourceTitle "playchess.com"]
[Source "ChessBase"]
[SourceQuality "1"]
[TimeControl "40/5400+30:1800+30"]

1. e4 c5 2. c3 Nf6 3. e5 Nd5 4. d4 cxd4 5. cxd4 d6 6. Nf3 Nc6 7. Bc4 Nb6 8. Bb5 Bd7 9. Nc3 e6 10. O-O {[%emt 0:02:10] Black should prevent d5.} Nb4 {[%emt 0:03:04] B22: Sicilian: 2 c3.} (10... a6 $11 11. Bd3 Be7) 11. Qe2 ({White should try} 11. Bg5 $16 Be7 12. Ne4) 11... a6 12. Bxd7+ Qxd7 {[%emt 0:00:12] [#] The position is equal.} 13. Bf4 $146 ({Predecessor:} 13. a3 N4d5 14. Ng5 Nxc3 15. bxc3 d5 16. Qh5 h6 17. f4 g6 18. Qh3 Rc8 19. g4 {0-1 Rosa Ramirez,V (1898)-Paarup,T (2046) Galapagar op 09th 2008 (3)}) 13... N4d5 14. Bg3 Nxc3 15. bxc3 d5 16. Nd2 Rc8 17. Qd3 Nc4 (17... Na4 $17 18. Rac1 b5) 18. f4 Nxd2 (18... Nb2 $5 19. Qe3 Be7 $15) 19. Qxd2 Rc4 20. Rf3 Be7 21. Raf1 g6 22. Be1 h5 23. g3 b5 24. h3 Qc6 25. g4 hxg4 26. hxg4 b4 27. Qd3 bxc3 28. Bxc3 Kd7 29. f5 gxf5 30. gxf5 Rc8 (30... Rg8+ $17 31. Kh2 Rc8) 31. fxe6+ Qxe6 32. Be1 Qg4+ 33. Rg3 (33. Bg3 $142) 33... Qxd4+ $17 34. Qxd4 Rxd4 35. Rxf7 (35. Rg7 $17 {might work better.}) 35... Re4 (35... Rd1 $19 {and Black stays clearly on top.} 36. Rf1 Rcc1 37. e6+ {[%mdl 64] Decoy} Kxe6 38. Re3+ Kd7) 36. Bc3 (36. Bf2 $17 {keeps fighting.}) 36... Ke6 $19 37. Rh7 d4 38. Ba5 (38. Bd2) 38... Rxe5 ({Avoid the trap} 38... Rc1+ $2 39. Kg2 $19) 39. Bb6 Re2 40. Rf3 Rc1+ (40... Rxa2 41. Bxd4 Bc5 42. Rh6+ Kd5 43. Bxc5 Rxc5 44. Rf2 Rc1+ 45. Kg2 $17) 41. Rf1 Rxf1+ (41... Rc4 $19 {...d3 would be deadly.} 42. Rh6+ Kd5) 42. Kxf1 {[%mdl 4096] Endgame KRB-KRB} d3 43. Rh3 Rd2 $1 {[%emt 0:00:30] And now ...Kd5 would win.} ({And not} 43... Rxa2 44. Rxd3 Bd6 45. Rd4 $15) 44. Re3+ Kd7 {[%emt 0:00:30] Threatens to win with ...Bb4. Black is much more active.} 45. Ba5 {Prevents Bb4.} Rd1+ ({Stronger than} 45... Rxa2 46. Rxd3+ Kc6 47. Rc3+ Kd7 48. Rd3+ Kc6 49. Be1 $15) 46. Re1 Rxe1+ 47. Kxe1 $17 {KB-KB} Bg5 48. Bd2 Bh4+ 49. Kd1 Kc6 50. Be3 Kd5 51. Kd2 Kc4 52. Kd1 Be7 53. Bc1 Kc3 54. Bh6 Ba3 55. Bd2+ Kc4 56. Bh6 Bb2 57. Bf8 a5 58. Be7 Bc3 59. Bf8 Kb5 {[%emt 0:00:30] ( -> ...Ka4)} 60. Ba3 $2 {[%mdl 8192] [#]} (60. Be7 $17 Ka4 61. Kc1) 60... Ka4 $1 61. Bc1 {[#]} Bb4 $2 {[%emt 0:00:30] Weighted Error Value: White=0.37/Black=0.20 (precise)} (61... Kb4 $1 {mates} 62. Bg5 Ka3 63. Bd2 Bxd2 64. Kxd2 Kxa2 65. Kxd3 Kb2 66. Ke2 a4 67. Kd2 a3 68. Ke3 a2 69. Kf2 a1=Q 70. Kg3 Kc3 71. Kg4 Kd4 72. Kf4 Qa5 73. Kf3 Qf5+ 74. Kg3 Ke3 75. Kh4 Qg6 76. Kh3 Kf3 77. Kh4 Qh6#) 0-1

[Event "39th OBSenEM 2023"]
[Site "Berlin"]
[Date "2023.01.31"]
[Round "8.1"]
[White "Daverkausen, Bernd"]
[Black "Hess, Christian"]
[Result "0-1"]
[ECO "A31"]
[WhiteElo "2120"]
[BlackElo "2215"]
[Annotator "TA"]
[PlyCount "54"]
[EventDate "2023.01.24"]
[EventType "swiss"]
[EventCountry "GER"]
[SourceTitle "playchess.com"]
[Source "ChessBase"]
[SourceQuality "1"]
[TimeControl "40/5400+30:1800+30"]

1. c4 c5 2. Nf3 Nc6 3. d4 cxd4 4. Nxd4 Qb6 5. Nb3 Nf6 6. Nc3 e6 7. e4 Bb4 {[%emt 0:02:03] A31: Symmetrical English: 2 Nf3 Nf6 3 d4.} 8. Be3 (8. Bd3 $5) 8... Qc7 9. Bd3 d5 {[%emt 0:10:04] Black has an edge.} 10. cxd5 exd5 11. exd5 Nxd5 12. Bd2 {[%emt 0:00:57] [#]} (12. O-O {with more complications.} Nxe3 13. Re1 O-O 14. Rxe3 Be6 15. Ne4) 12... Qe5+ $146 ({Predecessor:} 12... Nxc3 13. bxc3 Bd6 14. h3 Bd7 15. Qe2+ Ne7 16. O-O O-O-O 17. c4 Nc6 18. Rab1 Rde8 {½-½ Cantanhede,H-Borensztajn,D Rio de Janeiro Clube Naval op 2nd 1995 (9)}) 13. Qe2 $1 Nxc3 (13... Qxe2+ {simplifies} 14. Bxe2 Be6 15. O-O O-O-O) 14. bxc3 Bd6 (14... Qxe2+ {simplifies} 15. Bxe2 Ba3 16. O-O Bf5) 15. Rb1 O-O 16. Qxe5 Nxe5 17. Be4 Re8 (17... Ng4 $5 18. O-O Re8 $17) 18. O-O Ng4 19. Bd5 Bf5 $36 {[%emt 0:05:35][%mdl 2048] Black has some pressure. Black is more active.} ({Reject} 19... Nxh2 $6 20. Rfe1 Bf5 21. Rbd1 $11) 20. Rbd1 Bxh2+ 21. Kh1 Bc7 {[%emt 0:00:43] [#] ...Bd3 is the strong threat.} 22. f3 ({White should try} 22. Bxb7 Rab8 23. Ba6) 22... Ne3 $17 23. Bxe3 Rxe3 24. Bxb7 Rae8 {[%emt 0:02:03][%cal Of5d3] ...Bd3! would be deadly.} 25. g4 (25. Bc6 $17 {is a better defense.} R8e7 26. Bb5) 25... Bd3 $19 {[%emt 0:01:27] A strong pair of Bishops.} 26. Rf2 Bg3 (26... Bc4 $19 27. Nd4 h5) 27. Bc6 $2 {[%emt 0:09:28][%mdl 8192] [#]} Re1+ {[%emt 0:03:36] Weighted Error Value: White=0.48/Black=0.10 (very precise)} 0-1

[Event "39th OBSenEM 2023"]
[Site "Berlin"]
[Date "2023.01.31"]
[Round "8.2"]
[White "Postler, Reinhard"]
[Black "Syre, Christian"]
[Result "1-0"]
[ECO "B32"]
[WhiteElo "2202"]
[BlackElo "2197"]
[Annotator "TA"]
[PlyCount "61"]
[EventDate "2023.01.24"]
[EventType "swiss"]
[EventCountry "GER"]
[SourceTitle "playchess.com"]
[Source "ChessBase"]
[SourceQuality "1"]
[TimeControl "40/5400+30:1800+30"]

1. e4 c5 2. Nf3 Nc6 3. d4 cxd4 4. Nxd4 e5 5. Nb5 d6 6. N1c3 a6 7. Na3 b5 8. Nd5 Nge7 9. c4 Nd4 10. cxb5 Nxd5 11. exd5 Be7 12. Bc4 {[%emt 0:06:33] B32: Sicilian: Löwenthal and Kalashnikov Variations.} (12. Bd3 $16) 12... O-O 13. O-O Qb6 14. Be3 {[%emt 0:08:44] [#] White is slightly better.} Bd7 $146 ({Better is} 14... g6 $14) ({Predecessor:} 14... Bf6 15. Qd2 axb5 16. Nxb5 Ba6 17. a4 Rfc8 18. b3 Bxb5 19. axb5 {1-0 Zanette,E (2115)-Nazaretyan,T (2316) Titled Tuesday intern op 02nd Aug Late blitz 2022 (1)}) 15. Nc2 (15. bxa6 $16 {aiming for Nc2.} Bf6 16. Bd3) 15... Bf6 ({Black should try} 15... Qc7 $14 16. Nxd4 exd4 17. Qxd4 axb5) 16. bxa6 $16 Qxb2 17. Nxd4 exd4 18. Rb1 Qc3 19. Rc1 Qb2 (19... Qa3 $16 {might work better.} 20. Bxd4 Bxd4 21. Qxd4 Bc8) 20. Bd2 {[%emt 0:04:48] [#] And now Rb1 would win.} Bf5 {[%emt 0:32:45] Dodges Rb1} 21. Qf3 (21. a4 $142) 21... Qxd2 (21... Bc8 $16 22. Qd3 Qb6) 22. Qxf5 $18 d3 (22... Be5 $142 23. Rc2 Qa5) 23. Bxd3 Qh6 24. Qe4 Rfe8 25. Qa4 Be5 {[%emt 0:02:30][%csl Ge5][%cal Rh6h2] [#]} 26. g3 Bb2 $2 (26... Qf6 {was called for.} 27. Rc4 g6) 27. Rc4 g6 28. Rc7 {[%emt 0:03:18] Against Re7. White is clearly winning.} Qg7 29. Bb5 Rf8 30. Bc6 Qc3 31. Rd7 {[%emt 0:01:38] Weighted Error Value: White=0.27 (precise) /Black=0.65} 1-0

[Event "39th OBSenEM 2023"]
[Site "Berlin"]
[Date "2023.01.31"]
[Round "8.3"]
[White "Kreutzkamp, Hans-Rudolf"]
[Black "Brustkern, Juergen"]
[Result "1/2-1/2"]
[ECO "B50"]
[WhiteElo "2094"]
[BlackElo "2182"]
[Annotator "TA"]
[PlyCount "98"]
[EventDate "2023.01.24"]
[EventType "swiss"]
[EventCountry "GER"]
[SourceTitle "playchess.com"]
[Source "ChessBase"]
[SourceQuality "1"]
[TimeControl "40/5400+30:1800+30"]

1. e4 c5 2. Nf3 Nc6 3. b3 d6 4. Bb2 Nf6 5. Nc3 e6 6. Be2 {[%emt 0:03:21] B50: Sicilian: 2...d6, Miscellaneous.} Be7 7. d4 cxd4 8. Nxd4 a6 9. O-O (9. Nxc6 {deserves consideration.} bxc6 10. Qd3) 9... Bd7 $11 10. a4 O-O 11. Kh1 {[%emt 0:00:23] [#]} Qa5 $146 ({Predecessor:} 11... Qc7 12. f4 Rfd8 13. Nf3 Rac8 14. Qe1 Nb4 15. Rc1 Bc6 16. e5 dxe5 17. fxe5 Nfd5 18. Nxd5 Bxd5 {1-0 Apicella,M (2520)-Bocharov,D (2452) Dos Hermanas Internet f 3rd 2002 (1.3)}) 12. f4 Rac8 13. Bf3 Nxd4 14. Qxd4 e5 15. Qd3 exf4 16. Nd5 (16. Ne2 $11 {keeps the balance.}) 16... Nxd5 $17 17. exd5 Qd8 18. c4 Bf6 19. Rab1 g6 20. Bxf6 Qxf6 21. Be4 Qe5 22. Qf3 (22. Rbe1 $15 Qg5 23. Qd2) 22... Rce8 23. Bc2 Qe2 24. Rf2 Qxf3 25. Rxf3 g5 26. a5 (26. Kg1 $17) 26... Re2 $19 27. Bd3 Rd2 {...Bg4 would be deadly.} 28. Bf1 Re8 29. b4 (29. Kg1 $17) 29... Bf5 30. Rc1 (30. Ra1 $142) 30... Re3 31. Kg1 Re7 (31... Kf8 $142 32. Rxe3 fxe3) 32. Rf2 {[%emt 0:00:30] [#]} Rd4 33. g3 Rc7 34. gxf4 gxf4 ({Of course not} 34... Rxf4 $6 35. Rxf4 gxf4 36. c5 $11) 35. Rf3 ({Better is} 35. Rc3) 35... f6 {...Rg7+ is the strong threat.} 36. Rf2 Kf8 37. Rb2 (37. c5 $17) 37... Rxd5 {[%mdl 64] Pin} 38. Bg2 Re5 (38... Rd4 $19 {and Black stays clearly on top. Threatens to win with ...d5.} 39. b5 Be6 40. Bxb7 Rxb7 41. bxa6 Re7 42. Rb8+ Kf7) 39. Rf1 (39. Rd2 $17) 39... Be4 (39... Rxc4 $19 {White must now prevent ...d5.} 40. Bxb7 Bd3) 40. Rxf4 $15 Rxc4 41. Bxe4 $1 Rexe4 42. Rxf6+ {[%emt 0:00:30][%mdl 4096] Endgame KRR-KRR} Ke7 43. Rh6 Rg4+ 44. Kf2 {[%emt 0:00:30] [#]} ({White should play} 44. Kf1 $1 $15) 44... Rcf4+ ({And not} 44... Rxb4 45. Rxh7+ Ke6 46. Rxb7 Rbf4+ 47. Ke3 $15) (44... Rh4 $1 $17 45. Rxh4 Rxh4) 45. Ke3 $11 {[%emt 0:00:30] The position is equal.} Rh4 46. Rxh7+ {[%emt 0:00:30][%mdl 64] Deflection} Rxh7 47. Kxf4 Ke6 48. Kg5 Rg7+ 49. Kf4 Kf7 {Black had all chances to win.   Weighted Error Value: White=0.19 (very precise) /Black=0.20 (precise)} 1/2-1/2

[Event "39th OBSenEM 2023"]
[Site "Berlin"]
[Date "2023.01.31"]
[Round "8.4"]
[White "Mueller, Thomas"]
[Black "Vandre, Wolfgang"]
[Result "1-0"]
[ECO "A46"]
[WhiteElo "2025"]
[BlackElo "2112"]
[Annotator "TA"]
[PlyCount "71"]
[EventDate "2023.01.24"]
[EventType "swiss"]
[EventCountry "GER"]
[SourceTitle "playchess.com"]
[Source "ChessBase"]
[SourceQuality "1"]
[TimeControl "40/5400+30:1800+30"]

1. d4 Nf6 2. Nf3 e6 3. Bg5 h6 4. Bh4 d6 5. c4 Nbd7 (5... g5 $5 6. Bg3 $8 Ne4 $11) 6. Nc3 {[%emt 0:07:11] A46: 1 d4 Nf6 2 Nf3 e6: Torre, London and Colle Systems.} g5 7. Bg3 Nh5 8. e3 {White is slightly better.} Bg7 9. Nd2 Nxg3 10. hxg3 Qe7 11. Be2 a6 12. Qc2 {[#]} c5 $146 ({Predecessor:} 12... c6 13. g4 c5 14. dxc5 dxc5 15. O-O-O Ne5 16. Nde4 O-O 17. Rh5 b5 18. f4 Ng6 19. fxg5 hxg5 20. Nxg5 {1-0 Medancic,R (2247)-Kovacevic,B (2457) CRO-chT1B Sibenik 2007 (3)}) 13. dxc5 Nxc5 14. Rd1 O-O 15. b4 Nd7 16. Nde4 {[%mdl 64] Discovered Attack. White is more active.} d5 17. cxd5 $16 Qxb4 {[%emt 0:00:30] [#]} 18. dxe6 $1 fxe6 19. Kf1 Rf7 20. Bg4 (20. Bh5 $16 Re7 21. Na4) 20... Nf8 $11 21. Rd8 $40 {[%cal Oe4g5][%mdl 128] aiming for Nxg5! White is up to no good.} Bxc3 $4 (21... Rc7 $11 {and Black is okay.}) 22. Nxc3 $18 {Qg6+ is the strong threat.} (22. Qxc3 Qxc3 23. Nxc3 Rc7 $14) 22... Qxg4 23. Qg6+ (23. Rxh6 Kg7 24. Rxf8 Kxf8 $11) 23... Rg7 24. Qxh6 {White wants to mate with Qh8+.} Qb4 {[%emt 0:00:30] [#]} 25. Ne4 $2 Qb1+ (25... Qxe4 $2 26. Qh8+ Kf7 27. Rxf8+ Ke7 28. Qxg7+ $18) 26. Ke2 {Intending Qh8+ and mate. Chess con chili.} Qb5+ 27. Ke1 (27. Rd3 $5 Nh7 28. a4 $11) 27... Qa5+ 28. Rd2 {Qh8+ would kill now.} Bd7 $2 (28... Nh7 $11 29. Rh5 Bd7 30. Nxg5 Nxg5 31. Qh8+ Kf7 32. Qxa8 Qc7) 29. Nf6+ $4 (29. Qh8+ $18 {was the only winning move.} Kf7 30. Nd6+ Kf6 31. Rh6+ (31. Nxb7 Qe5 $11) 31... Ng6 32. Qxa8) 29... Kf7 $19 30. Ng4 $2 (30. Ne4 Qe5 31. Rd4) 30... Qc3 31. f4 Rh7 $2 (31... Rc8 $19 32. Ne5+ (32. fxg5 $2 Ng6 $19) 32... Ke8 33. Qh5+ (33. Qxg7 $2 Qxe3+ 34. Kf1 Rc1+ {[%mdl 64] Skewer}) 33... Ke7 34. Nxd7 Nxd7) 32. Qxh7+ $11 Nxh7 33. Rxh7+ Kg6 ({Don't play} 33... Ke8 34. Rhxd7 Rc8 35. Ke2 $16 (35. fxg5 Rc7 $11)) 34. Rhxd7 {Kf2 would be deadly.} Kf5 35. Nh6+ Ke4 $2 (35... Kg6 $11 36. Ng4 gxf4 37. gxf4 Kh5) 36. R7d4+ {A fantastic game!   Weighted Error Value: White=0.67/Black=0.64} (36. Rxb7 $2 {perishes.} Rd8 37. Rbb2 Rxd2 38. Rxd2 gxf4 39. gxf4 Qg7 $19) 1-0

[Event "39th OBSenEM 2023"]
[Site "Berlin"]
[Date "2023.02.01"]
[Round "9.1"]
[White "Hess, Christian"]
[Black "Mueller, Thomas"]
[Result "1-0"]
[ECO "E92"]
[WhiteElo "2215"]
[BlackElo "2025"]
[Annotator "TA"]
[PlyCount "55"]
[EventDate "2023.01.24"]
[EventType "swiss"]
[EventCountry "GER"]
[SourceTitle "playchess.com"]
[Source "ChessBase"]
[SourceQuality "1"]
[TimeControl "40/5400+30:1800+30"]

1. Nf3 {[%emt 0:00:14] Tsesarsky,Ilya} Nf6 2. c4 g6 3. Nc3 Bg7 4. d4 d6 5. e4 O-O 6. Be2 e5 7. Be3 Ng4 8. Bg5 f6 9. Bh4 Nh6 {[%emt 0:02:35] E92: King's Indian: Classical: 6 Be2 e5: 7 dxe5, 7 Be3 and Petrosian System without 7...Nbd7.} (9... Nc6 $14) 10. dxe5 $16 {[%emt 0:06:08] White is more active.} dxe5 11. Qxd8 {[%emt 0:00:27][%mdl 64] Remove Defender} Rxd8 {[%emt 0:00:05] [#] White is clearly better.} 12. Nd5 $1 g5 (12... Nd7 $16 {keeps fighting.}) 13. Nxc7 $18 gxh4 14. Nxa8 {[%emt 0:00:17][%cal Oa8c7] [#]} h3 $146 ({Predecessor:} 14... Na6 15. c5 Nxc5 16. Nc7 Nxe4 17. O-O Nf5 18. Rfd1 Rf8 19. Bc4+ Kh8 20. Ne6 Re8 {1-0 Gelfand,B (2695)-Polgar,J (2718) George Marx m rapid 2003 (5)}) 15. O-O Nc6 16. Rad1 Nd4 17. Nxd4 exd4 18. Nc7 f5 19. Bd3 (19. gxh3 fxe4 20. Rfe1 Bxh3 $16) 19... Ng4 20. Nd5 (20. gxh3 Ne5 21. exf5 Nxd3 $18) 20... Kf7 21. exf5 ({Resist} 21. gxh3 Ne5 22. f3 Rd6 $18) 21... hxg2 22. Kxg2 b5 23. Rfe1 {[%emt 0:01:39] Re7+ would be deadly.} Ne5 24. b3 Bb7 25. Be4 bxc4 26. bxc4 (26. Rxd4 Nd3 27. Bxd3 (27. Rxc4 $2 Nxe1+ 28. Kf1 Bxd5 $19) 27... cxd3 28. Rxd3 (28. Re7+ Kf8 $17) 28... Rxd5 29. Rxd5 Bxd5+ 30. f3 Kf6 $16) 26... Nxc4 27. f6 {[%emt 0:00:52][%cal Bf5f6,Bf6g7][%mdl 96] [#] Discovered Attack} Rxd5 $2 (27... Bh6 28. Nf4 (28. Rxd4 Nb6 $18) 28... Bxf4) 28. fxg7 {[%emt 0:01:43] Black did not feel at home in the position after the opening.   Weighted Error Value: White=0.17 (very precise) /Black=0.58} 1-0